[Event "Lozovatsky Memorial-B 2019"]
[Site "Chelyabinsk"]
[Date "2019.01.17"]
[Round "6"]
[White "Tologontegin, Semetey"]
[Black "Sitnikov, Anton"]
[Result "0-1"]
[ECO "A04"]
[WhiteElo "2385"]
[BlackElo "2410"]
[Annotator "NA"]
[PlyCount "135"]
[EventDate "2019.01.12"]
[EventType "tourn"]
[EventCountry "RUS"]
[SourceTitle "playchess.com"]
[Source "ChessBase"]
[SourceQuality "1"]
[TimeControl "5400+30"]

1. Nf3 c5 2. e3 b6 3. d4 Bb7 4. d5 Nf6 5. Nc3 d6 6. e4 Nbd7 7. Be2 a6 8. a4 g6 9. O-O Bg7 10. h3 O-O 11. Be3 Qc7 12. Re1 Ne5 13. Nd2 e6 14. f4 Ned7 15. Nc4 Nxe4 16. Nxe4 exd5 17. Nexd6 Bc6 18. c3 $15 dxc4 19. Nxc4 Rad8 20. Nd2 Nf6 21. Qc1 Nd5 22. Nf1 Nxe3 23. Qxe3 Rfe8 24. Qf2 Re4 25. g3 Rxa4 26. Rxa4 Bxa4 27. Ra1 Bb5 28. Bxb5 axb5 29. Qe2 b4 30. c4 Qd7 31. Kh2 Qd4 32. Rb1 b3 33. Kg2 h5 34. h4 Kf8 35. Re1 Kg8 36. Rb1 Bf6 37. Kf3 Rd7 38. Qe3 Re7 39. Qxd4 Bxd4 40. Rd1 Bxb2 41. Rb1 Bd4 42. Rxb3 Re1 43. Nd2 f5 44. Rd3 Rc1 45. Ke2 Kf7 46. Rb3 Rc3 47. Rxc3 Bxc3 48. Nf3 Ke6 49. Kd3 Bf6 50. Kc2 Kd6 51. Kd2 Bd4 52. Ke2 Kc6 53. Kd3 Bf6 54. Ke3 b5 55. Kd3 Kb6 56. cxb5 Kxb5 57. Ne5 Bxe5 58. fxe5 Kb6 59. Kc3 Kc7 60. Kc4 Kc6 61. e6 Kd6 62. e7 Kxe7 63. Kxc5 f4 64. gxf4 Ke6 65. Kd4 Kf5 66. Ke3 Kg4 67. f5 gxf5 68. Kd4 0-1

[Event "Lozovatsky Memorial-B 2019"]
[Site "Chelyabinsk"]
[Date "2019.01.17"]
[Round "6"]
[White "Radzhabov, Rodion"]
[Black "Nugumanov, Bakhtiyar"]
[Result "1/2-1/2"]
[ECO "C47"]
[WhiteElo "2329"]
[BlackElo "2391"]
[Annotator "NA"]
[PlyCount "75"]
[EventDate "2019.01.12"]
[EventType "tourn"]
[EventCountry "RUS"]
[SourceTitle "playchess.com"]
[Source "ChessBase"]
[SourceQuality "1"]
[TimeControl "5400+30"]

1. e4 e5 2. Nf3 Nc6 3. Nc3 Nf6 4. Be2 d5 5. exd5 Nxd5 6. O-O Nxc3 7. bxc3 e4 8. Ne1 Bd6 9. f3 f5 10. fxe4 fxe4 11. d4 Rf8 12. g3 Qe7 13. Ng2 Bd7 14. Rxf8+ Qxf8 15. Bg5 Be7 16. Qd2 O-O-O 17. Rf1 Qe8 18. Bc4 $11 Qg6 19. Bxe7 Nxe7 20. Ne3 Kb8 21. Rf7 Nc8 22. Qf2 Nd6 23. Re7 a6 24. Bd5 Bc8 25. Qf4 Rd7 26. Re5 Qf6 27. Bxe4 Qxf4 28. gxf4 Rf7 29. Ng2 Nxe4 30. Rxe4 Bf5 31. Re8+ Ka7 32. Ne3 Bg6 33. Rg8 Be4 34. f5 g6 35. fxg6 Bxg6 36. Kg2 Be4+ 37. Kg1 Bg6 38. Kg2 1/2-1/2

[Event "Lozovatsky Memorial-B 2019"]
[Site "Chelyabinsk"]
[Date "2019.01.17"]
[Round "6"]
[White "Dauletova, Gulmira"]
[Black "Mischuk, Dmitry"]
[Result "1/2-1/2"]
[ECO "C41"]
[WhiteElo "2240"]
[BlackElo "2357"]
[Annotator "NA"]
[PlyCount "145"]
[EventDate "2019.01.12"]
[EventType "tourn"]
[EventCountry "RUS"]
[SourceTitle "playchess.com"]
[Source "ChessBase"]
[SourceQuality "1"]
[TimeControl "5400+30"]

1. e4 d6 2. d4 Nf6 3. Nc3 e5 4. Nf3 Nbd7 5. Bc4 Nb6 6. Be2 exd4 7. Qxd4 Be7 8. O-O O-O 9. b3 Nfd7 10. Be3 Bf6 11. Qd2 Re8 12. Bd3 c6 13. Rad1 Qc7 14. Rfe1 Ne5 15. Be2 Nxf3+ 16. Bxf3 Be6 17. Bd4 $11 Be5 18. Ne2 Rad8 19. c4 Nd7 20. Ng3 c5 21. Be3 Nb8 22. Be2 g6 23. f4 Bg7 24. Rf1 Bc8 25. Kh1 Nc6 26. Bd3 a6 27. Qf2 b6 28. Bc1 Bb7 29. Bb2 Bxb2 30. Qxb2 Nd4 31. Rde1 Bc6 32. Qd2 Qe7 33. f5 Bd7 34. e5 dxe5 35. fxg6 hxg6 36. Qh6 Qf8 37. Qg5 Qg7 38. Ne4 f5 39. Nf6+ Kf7 40. Nxe8 Rxe8 41. Be4 Qf6 42. Bd5+ Kg7 43. Qd2 a5 44. g3 Qd6 45. Qg2 Be6 46. Bxe6 Rxe6 47. Qb7+ Re7 48. Qg2 Qf6 49. g4 f4 50. Qe4 g5 51. Qd5 Qc6 52. Qe4 Kf6 53. Rf2 Qxe4+ 54. Rxe4 Rd7 55. Rd2 Rh7 56. Rd3 a4 57. bxa4 Ra7 58. Ra3 f3 59. Kg1 Ra8 60. Kf2 Rh8 61. Kg1 Rh3 62. Rae3 Rh4 63. a5 bxa5 64. Ra3 Ne2+ 65. Kf1 Rxh2 66. Rxf3+ Nf4 67. Ra3 Rh1+ 68. Kf2 Rh2+ 69. Kf1 Rh1+ 70. Kf2 Rh2+ 71. Kf1 Rh1+ 72. Kf2 Rh2+ 73. Ke1 1/2-1/2

[Event "Lozovatsky Memorial-B 2019"]
[Site "Chelyabinsk"]
[Date "2019.01.17"]
[Round "6"]
[White "Kholopov, Alexander A."]
[Black "Ponomariov, Valeriy"]
[Result "1/2-1/2"]
[ECO "E35"]
[WhiteElo "2211"]
[BlackElo "2378"]
[Annotator "NA"]
[PlyCount "56"]
[EventDate "2019.01.12"]
[EventType "tourn"]
[EventCountry "RUS"]
[SourceTitle "playchess.com"]
[Source "ChessBase"]
[SourceQuality "1"]
[TimeControl "5400+30"]

1. d4 Nf6 2. c4 e6 3. Nc3 Bb4 4. Qc2 d5 5. cxd5 exd5 6. Bg5 h6 7. Bh4 g5 {[%emt 0:02:57] E35: Nimzo-Indian: Classical: 4...d5 5 cxd5 exd5} (7... c5 8. dxc5 g5 9. Bg3 Ne4 10. e3 Qa5 11. Nge2 Bf5 12. Bxb8 Rxb8 13. Nd4 Bd7 14. Nb3 Bxc3+ 15. bxc3 Qxc3+ 16. Qxc3 Nxc3 17. Bd3 Ke7 {½-½ (37) Duda,J (2739)-Karjakin,S (2760) Batumi 2018}) 8. Bg3 Nc6 9. e3 h5 10. Nf3 Ne4 11. Nd2 $146 ({Predecessor:} 11. Ne5 h4 12. Nxc6 bxc6 13. f3 Nxc3 14. bxc3 hxg3 15. cxb4 {1-0 (34) Cederstam Barsk,C (2229)-Adler,B (2169) Stockholm 2012}) 11... Nxd2 12. Kxd2 h4 13. Be5 Nxe5 14. dxe5 c6 15. Rd1 Be6 16. Kc1 Qb6 17. a3 Bf8 18. Bd3 Bg7 19. Na4 $15 Qc7 20. f4 gxf4 21. exf4 Bh6 22. g3 Qxe5 23. Rhe1 Qf6 24. Ba6 O-O 25. Bxb7 Rab8 26. Ba6 Bg7 27. Re5 d4 28. Nc5 Rfd8 1/2-1/2

[Event "Lozovatsky Memorial-B 2019"]
[Site "Chelyabinsk"]
[Date "2019.01.17"]
[Round "6"]
[White "Frolov, Ivan"]
[Black "Remizov, Yaroslav"]
[Result "0-1"]
[ECO "B00"]
[WhiteElo "2210"]
[BlackElo "2357"]
[Annotator "NA"]
[PlyCount "68"]
[EventDate "2019.01.12"]
[EventType "tourn"]
[EventCountry "RUS"]
[SourceTitle "playchess.com"]
[Source "ChessBase"]
[SourceQuality "1"]
[TimeControl "5400+30"]

1. e4 d6 2. d4 Nf6 3. Bd3 e5 4. d5 g6 5. c4 Bg7 6. f3 Nh5 7. Be3 Nf4 8. Bf1 f5 9. Nc3 O-O 10. g3 Nh5 11. Qd2 $14 fxe4 12. Nxe4 Nf6 13. Ng5 e4 14. Nxe4 Nxe4 15. fxe4 Qe8 16. Bg2 Nd7 17. Ne2 Ne5 18. Qc2 b5 19. cxb5 Qxb5 20. Rd1 Bh3 21. Nc3 Qc4 22. b3 Qxc3+ 23. Qxc3 Bxg2 24. Ke2 Bf3+ 25. Kd2 Bxh1 26. Qxc7 Bxe4 27. Qxd6 Rad8 28. Qe6+ Kh8 29. Kc1 Rc8+ 30. Kd2 Rc2+ 31. Ke1 Nf3+ 32. Kf1 Nxh2+ 33. Kg1 Nf3+ 34. Kf1 Ng5+ 0-1

[Event "Lozovatsky Memorial-B 2019"]
[Site "Chelyabinsk"]
[Date "2019.01.18"]
[Round "7"]
[White "Ponomariov, Valeriy"]
[Black "Dauletova, Gulmira"]
[Result "0-1"]
[ECO "E21"]
[WhiteElo "2378"]
[BlackElo "2240"]
[Annotator "NA"]
[PlyCount "44"]
[EventDate "2019.01.12"]
[EventType "tourn"]
[EventCountry "RUS"]
[SourceTitle "playchess.com"]
[Source "ChessBase"]
[SourceQuality "1"]
[TimeControl "5400+30"]

1. d4 Nf6 2. c4 e6 3. Nc3 Bb4 4. Nf3 d5 5. Qa4+ Nc6 6. e3 O-O 7. Bd2 Re8 8. Qc2 e5 9. dxe5 Nxe5 10. cxd5 a5 11. Nxe5 Rxe5 12. Bc4 Ng4 $14 (12... Bf5 $5 13. Qd1 Nd7 $11) 13. Qd3 Rf5 14. f4 Rh5 15. Qd4 Qe7 16. Be2 Bf5 17. Bxg4 Qh4+ 18. g3 Qxg4 19. e4 Re8 20. Kf2 Bxc3 21. Bxc3 Bxe4 22. Qe3 Qh3 0-1

[Event "Lozovatsky Memorial-B 2019"]
[Site "Chelyabinsk"]
[Date "2019.01.18"]
[Round "7"]
[White "Remizov, Yaroslav"]
[Black "Tologontegin, Semetey"]
[Result "1-0"]
[ECO "C00"]
[WhiteElo "2357"]
[BlackElo "2385"]
[Annotator "NA"]
[PlyCount "63"]
[EventDate "2019.01.12"]
[EventType "tourn"]
[EventCountry "RUS"]
[SourceTitle "playchess.com"]
[Source "ChessBase"]
[SourceQuality "1"]
[TimeControl "5400+30"]

1. e4 e6 2. d4 b6 3. Nf3 Bb7 4. Bd3 d6 5. O-O Nd7 6. a4 a6 7. Nbd2 g6 8. a5 b5 9. c4 b4 10. d5 Bg7 11. Qa4 Rb8 {[%emt 0:08:35] [#]} 12. dxe6 $1 fxe6 13. c5 dxc5 14. Nb3 Ne7 15. Ng5 $18 Bc6 16. Qa2 Nf8 17. Nxc5 b3 18. Qa3 h6 19. Nf3 Bb5 20. Rd1 Nc6 21. Bxh6 Rxh6 22. Bxb5 Rxb5 23. Rxd8+ Kxd8 24. Nxb3 Nd7 25. Rc1 Ndb8 26. Nfd4 Nxd4 27. Nxd4 Bxd4 28. Qf8+ Kd7 29. Qxh6 Nc6 30. Qxg6 Rxb2 31. Qf7+ Kd6 32. h3 {Kd5} 1-0

[Event "Lozovatsky Memorial-B 2019"]
[Site "Chelyabinsk"]
[Date "2019.01.20"]
[Round "9"]
[White "Ponomariov, Valeriy"]
[Black "Frolov, Ivan"]
[Result "1-0"]
[ECO "A40"]
[WhiteElo "2378"]
[BlackElo "2210"]
[Annotator "NA RC"]
[PlyCount "35"]
[EventDate "2019.01.12"]
[EventType "tourn"]
[EventCountry "RUS"]
[SourceTitle "playchess.com"]
[Source "ChessBase"]
[SourceQuality "1"]
[TimeControl "5400+30"]

1. d4 {Predecessor:} Nf6 $146 2. Nf3 d5 3. c4 e6 4. Nc3 Be7 5. Bf4 O-O 6. e3 c5 7. dxc5 Bxc5 8. Qc2 Nc6 9. a3 Qa5 10. Nd2 Qd8 11. Nb3 Bb6 12. Be2 Qe7 13. Bg5 dxc4 14. Nd2 Ne5 15. O-O Bd7 16. Bf4 Ng6 17. Bg3 Bc6 18. Nxc4 {½-½ (40) Carlsen,M (2835)-Caruana,F (2832) London 2018} 1-0